 Dungeon Crawl Stone Soup version 0.28-a0-906-g0406aca7d3 (webtiles) character file.

Game seed: 6457896652961138017

447 senseless the Skirmisher (level 7, -1/46 HPs)
             Began as a Gargoyle Fighter on Nov 23, 2021.
             Was a Follower of Okawaru.
             Slain by Duvessa (5 damage)
             ... on level 4 of the Dungeon.
             The game lasted 00:09:50 (4712 turns).

senseless the Skirmisher (Gargoyle Fighter)         Turns: 4712, Time: 00:09:51

Health: -1/46      AC: 14    Str: 21    XL:     7   Next: 3%
Magic:  7/7        EV:  9    Int:  9    God:    Okawaru [*.....]
Gold:   114        SH:  5    Dex: 15    Spells: 6/6 levels left

rFire   . . .      SeeInvis .   a - +0 flail
rCold   . . .      Faith    .   c - +0 buckler
rNeg    + . .      Spirit   .   b - +0 scale mail
rPois   ∞          Reflect  .   m - +0 helmet
rElec   +          Harm     .   (no cloak)
rCorr   .          Rampage  .   (no gloves)
Will    .....                   n - +0 pair of boots
Stlth   ..........              (no amulet)
HPRegen 0.15/turn               i - +6 ring of dexterity
MPRegen 0.10/turn               (no ring)

@: no status effects
A: sickness immunity, AC +4, negative energy resistance 1, electricity
resistance, torment resistance 1, petrification resistance
a: Renounce Religion, Heroism


You were on level 4 of the Dungeon.
You worshipped Okawaru.
Okawaru was aware of your devotion.
You visited 1 branch of the dungeon, and saw 4 of its levels.

You collected 114 gold pieces.

Inventory:

Hand Weapons
 a - a +0 flail (weapon)
 e - a +2 antimagic rapier
 h - a +0 falchion of protection
Armour
 b - a +0 scale mail (worn)
 c - a +0 buckler (worn)
 m - a +0 helmet (worn)
 n - a +0 pair of boots (worn)
Jewellery
 i - a +6 ring of dexterity (left hand)
Wands
 d - a wand of iceblast (16) (quivered)
Potions
 f - a potion of resistance
 g - a potion of berserk rage {unknown}
 j - 3 potions of curing
 k - a potion of attraction
 l - a potion of heal wounds {unknown}
 o - a potion of haste {unknown}


   Skills:
 * Level 6.1 Fighting
 + Level 3.8 Maces & Flails
 + Level 4.9 Armour
 - Level 4.0 Shields


You had 6 spell levels left.
You didn't know any spells.
Your spell library contained the following spells:

 Spells                   Type           Power      Damage    Failure   Level
 Foxfire                  Conj/Fire      0%         2x1d4     71%         1
 Pain                     Necr           0%         1d4       71%         1
 Conjure Flame            Conj/Fire      0%         6-21      97%         3
 Inner Flame              Hex/Fire       0%         N/A       97%         3
 Vampiric Draining        Necr           0%         2d6       97%         3
 Flame Wave               Conj/Fire      0%         3d3       100%        4
 Animate Skeleton         Necr           Unusable   N/A       N/A         1

Dungeon Overview and Level Annotations

Branches:
Dungeon (4/15)
 Temple: D:4-7

Altars:
Elyvilon
Okawaru
Uskayaw

Annotations:
D:4 Dowan, Duvessa


Innate Abilities, Weirdness & Mutations

You are immune to sickness and miasma.
Your stone body is resilient. (AC +4)
You are immune to poison.
You resist negative energy. (rN+)
You are resistant to electric shocks. (rElec)
You are resistant to unholy torment.
You are immune to petrification.


Message History

Duvessa hits you with a +0 rapier!
* * * LOW HITPOINT WARNING * * *
Dowan says, "My weaknesses are her strengths!"
Duvessa hits you with a +0 rapier.
* * * LOW HITPOINT WARNING * * *
Duvessa closely misses you. Dowan gestures at you while chanting.
The puff of flame hits you.
* * * LOW HITPOINT WARNING * * *
Duvessa says, "When magic and the sword combine, nothing stands against them."
Duvessa hits you but does no damage.
You barely miss Duvessa.
Duvessa is lightly wounded.
Duvessa barely misses you. Duvessa hits you with a +0 rapier.
* * * LOW HITPOINT WARNING * * *
You closely miss Duvessa.
Duvessa is lightly wounded.
Duvessa hits you but does no damage. Duvessa hits you with a +0 rapier.
* * * LOW HITPOINT WARNING * * *
You barely miss Duvessa.
Duvessa is lightly wounded.
Duvessa hits you but does no damage.
Dowan gestures wildly while chanting.
Dowan blinks!
You hit the goblin.
The goblin is moderately wounded.
Duvessa barely misses you. The goblin barely misses you.
Duvessa barely misses you.
You hit the goblin.
You kill the goblin!
Okawaru accepts your kill. Duvessa hits you with a +0 rapier.
* * * LOW HITPOINT WARNING * * *
You hit Duvessa.
Duvessa is moderately wounded.
Duvessa barely misses you. You block Duvessa's attack.
You barely miss Duvessa.
Duvessa is moderately wounded.
Duvessa hits you with a +0 rapier.
You die...

#............# #............#
#............# #............#
#########............#
#.............g......# ####
#............e.......#
.))###.........)#####.######.#
..)'...........e@.............
..)#.........................#
...#..####P..P...............'
...#..#..'P..####............#
..[#..#.)#...)..#............#
...#..#####..#.(#............#
...#..#..†#..####............#
...#..#..)'..................#
...#..#..)#..................+


You could see Duvessa (fast).

Vanquished Creatures
  A necrophage (D:4)
  A jelly (D:4)
  An orc priest (D:4)
  Jessica (D:2)
  Terence (D:3)
  An orc wizard (D:4)
  Robin (D:3)
  6 adders
  4 gnolls (D:4)
  An ufetubus (D:4)
  3 worms
  5 orcs (D:4)
  8 endoplasms
  3 giant cockroaches
  18 goblins
  9 hobgoblins
  8 jackals
  6 quokkas
  3 ball pythons
  7 bats
  3 frilled lizards
  10 kobolds
  5 rats
106 creatures vanquished.

Vanquished Creatures (others)
  A goblin (D:3)
1 creature vanquished.

Grand Total: 107 creatures vanquished

Notes
Turn   | Place    | Note
-------+----------+-------------------------------------------
     0 | D:1      | senseless the Gargoyle Fighter began the quest for the Orb.
     0 | D:1      | Reached XP level 1. HP: 14/14 MP: 1/1
   333 | D:1      | Reached XP level 2. HP: 18/19 MP: 2/2
   685 | D:1      | Reached XP level 3. HP: 12/24 MP: 3/3
  1284 | D:2      | Noticed Jessica
  1303 | D:2      | Killed Jessica
  1304 | D:2      | Reached skill level 4 in Fighting
  1304 | D:2      | Reached XP level 4. HP: 15/29 MP: 4/4
  2198 | D:3      | Found a faded altar of an unknown god.
  2206 | D:3      | Prayed at the altar of an unknown god.
  2206 | D:3      | Became a worshipper of Elyvilon the Healer
  2206 | D:3      | Reached * piety under Elyvilon
  2213 | D:3      | Found an iron altar of Okawaru.
  2265 | D:3      | Fell from the grace of Elyvilon
  2265 | D:3      | Became a worshipper of Warmaster Okawaru
  2317 | D:3      | Noticed Terence
  2332 | D:3      | Killed Terence
  2333 | D:3      | Reached XP level 5. HP: 22/34 MP: 5/5
  2449 | D:3      | Noticed Robin
  3142 | D:3      | Killed Robin
  3143 | D:3      | Reached skill level 5 in Fighting
  3686 | D:4      | Reached XP level 6. HP: 21/40 MP: 6/6
  4019 | D:4      | Found a hide-covered altar of Uskayaw.
  4035 | D:4      | Noticed a necrophage
  4045 | D:4      | Killed a necrophage
  4045 | D:4      | Reached * piety under Okawaru
  4262 | D:4      | Reached skill level 6 in Fighting
  4460 | D:4      | Reached XP level 7. HP: 33/46 MP: 7/7
  4684 | D:4      | Noticed Dowan
  4686 | D:4      | Noticed Duvessa
  4712 | D:4      | Slain by Duvessa

Illustrated notes

Levels and vault maps discovered:
D:1:      dpeg_arrival_more_subterranean_lakeside_camping, layout_basic,
          minmay_misc_feat_x, minmay_tripent
D:2:      layout_loops_ring, uniq_jessica
D:3:      layout_basic, okawaru_metal_pillars_1_2,
          hellmonk_ecumenical_altar_arch_garden, minmay_box_of_dots, uniq_robin,
          uniq_terence
D:4:      corexii_shack_village, layout_basic, eat_drink_and_be_merry_uskayaw,
          cheibrodos_sewer_entry_bend, st_stairs_4, uniq_duvessa

Skill      XL: |  1  2  3  4  5  6 |
---------------+-------------------+-----
Fighting       | 4 5 6 |  6.1
Armour         | 4 |  4.9
Shields        | 4 |  4.0
Maces & Flails | 3 |  3.8

Action                   |  1- 3 |  4- 6 |  7- 9 || total
-------------------------+-------+-------+-------++-------
Melee: Flail             |   115 |   237 |    48 ||   400
  Use: Scroll            |       |     6 |       ||     6
       Potion            |       |     1 |       ||     1
Armor: Scale mail        |    82 |   181 |    31 ||   294
Dodge: Dodged            |    64 |   142 |    29 ||   235
Block: Buckler           |    33 |    72 |    18 ||   123

Table legend: (Time is in decaauts)
 A = Elapsed time spent in this place.
 B = Non-inter-level travel time spent in this place.
 C = Inter-level travel time spent in this place.
 D = Time resting spent in this place.
 E = Time spent auto-exploring this place.
 F = Levels seen in this place.
 G = Mean time per level.
                   A        B        C        D        E       F      G
               +--------+--------+--------+--------+--------+-----+--------+
         Total |   4822 |   4697 |    125 |    298 |   3555 |   4 | 1205.5 |
       Dungeon |   4822 |   4697 |    125 |    298 |   3555 |   4 | 1205.5 |
               +--------+--------+--------+--------+--------+-----+--------+

Top non-repeatable levels by time:
     D:3: 1578 daAuts
     D:4: 1161 daAuts
     D:1: 1101 daAuts
     D:2: 981 daAuts
